 Dungeon Crawl Stone Soup version 0.18.1-8-gdd0e5ea (webtiles) character file.

4613 shmeve the Blocker (level 10, -17/91 HPs)
             Began as a Minotaur Berserker on May 25, 2016.
             Was a High Priest of Trog.
             Engulfed by a cloud of freezing vapour (24 damage)
             ... on level 9 of the Dungeon.
             The game lasted 00:18:29 (6990 turns).

shmeve the Blocker (Minotaur Berserker)             Turns: 6990, Time: 00:18:30

Health: -17/91     AC: 25    Str: 24    XL:     10   Next: 19%
Magic:  9/9        EV:  8    Int:  4    God:    Trog [*****.]
Gold:   513        SH: 12    Dex: 11    Spells: 0 memorised, 9 levels left

rFire  + . .     SeeInvis .     N - +3 war axe
rCold  . . .     Gourm    +     y - +10 plate armour "Ypanep" {rElec}
rNeg   . . .     Faith    .     n - +0 shield
rPois  .         Spirit   .     (helmet restricted)
rElec  +         Dismiss  .     (no cloak)
rCorr  +         Reflect  .     B - +0 pair of gloves
SustAt .         Harm     .     m - +0 pair of boots
MR     .....                    f - amulet of the gourmand
Stlth  ..........               h - ring of resist corrosion
                                r - ring of protection from fire

@: not resistant to hostile enchantments, extremely unstealthy
A: retaliatory headbutt, horns 2
a: Berserk, Trog's Hand, Brothers in Arms, Burn Spellbooks, Renounce Religion


You were on level 9 of the Dungeon.
You worshipped Trog.
Trog was extremely pleased with you.
You were very full.

You visited 1 branch of the dungeon, and saw 9 of its levels.

You collected 513 gold pieces.

Inventory:

Hand Weapons
 N - a +3 war axe (weapon)
Armour
 m - a +0 pair of boots (worn)
 n - a +0 shield (worn)
 y - the +10 plate armour "Ypanep" (worn) {rElec}
   (You found it on level 4 of the Dungeon)

   It insulates you from electricity.
 B - a +0 pair of gloves (worn)
Jewellery
 f - an amulet of the gourmand (around neck)
 h - a ring of resist corrosion (right hand)
 r - a ring of protection from fire (left hand)
 L - an uncursed ring of stealth
Wands
 w - a wand of heal wounds (6/9)
 F - a wand of digging (10/24)
Scrolls
 b - 2 scrolls of remove curse {unknown}
 e - 8 scrolls of identify {unknown}
 g - a scroll of teleportation {unknown}
 i - 6 scrolls of magic mapping {unknown}
 o - 2 scrolls of enchant armour {unknown}
 p - 6 scrolls of noise {unknown}
 q - a scroll of fear {unknown}
 C - a scroll of fog {unknown}
 H - 2 scrolls of immolation {unknown}
 K - a scroll of holy word {unknown}
Potions
 a - 4 potions of lignification {unknown}
 d - 7 potions of curing {unknown}
 j - 2 potions of cancellation {unknown}
 k - 3 potions of brilliance {unknown}
 l - a potion of mutation {unknown}
 u - 2 potions of magic {unknown}
 v - a potion of agility {unknown}
 z - 2 potions of cure mutation {unknown}
 A - 2 potions of ambrosia {unknown}
 E - a potion of might {unknown}
 G - a potion of haste {unknown}
 I - a potion of invisibility {unknown}
 J - a potion of resistance {unknown}
 M - a potion of berserk rage {unknown}
Comestibles
 c - 6 bread rations
 s - 4 meat rations
 t - a royal jelly
 x - a slice of pizza
 D - 2 beef jerkies


   Skills:
 * Level 9.5 Fighting
 * Level 9.4 Axes
 + Level 7.1 Armour
 + Level 5.6 Dodging
 * Level 9.5 Shields


You had 9 spell levels left.
You didn't know any spells.

Dungeon Overview and Level Annotations

Branches:
Dungeon (9/15)             Temple (0/1) D:5            Lair (0/8) D:9
    Orc: D:9-12

Altars:
Cheibriados
Fedhas
Gozag
Kikubaaqudgha
Makhleb
Nemelex Xobeh
Pakellas
Trog
Vehumet
Xom
Yredelemnul
Zin
The Shining One


Innate Abilities, Weirdness & Mutations

You reflexively headbutt those who attack you in melee.
You have a pair of horns on your head.


Message History

You enter a teleport trap!
The teleport trap disappears.
Your surroundings suddenly seem different.
You are engulfed in freezing vapours.
You are engulfed in freezing vapours.
You are engulfed in freezing vapours.
You are engulfed in freezing vapours.
You are engulfed in freezing vapours.
You are engulfed in freezing vapours.
You are engulfed in freezing vapours.
You are engulfed in freezing vapours.
* * * LOW HITPOINT WARNING * * *
You are engulfed in freezing vapours.
* * * LOW HITPOINT WARNING * * *
You are engulfed in freezing vapours.
* * * LOW HITPOINT WARNING * * *
You are engulfed in freezing vapours.
* * * LOW HITPOINT WARNING * * *
You are engulfed in freezing vapours.
You are engulfed in freezing vapours.
You die...

####.#...............##.#........
####.###.............†....#......
#.... #......##........####.....
..######.####.......#...# #.<..#
.......}.........##....#####.###.
.......#####################.###.
.......#$$%$/.......§§§§§..#.##..
.......###################.####.#
.......#..§§§§§§@§§......§§####..
.......#8'8#################....#
.............)(.....(..#........#
...........#.))).<..............#
........##.#.........#...........
##.####.##.......................
##....#.####.........#.........)#
...##...# #####>...............#
##..##.## ##...#..#..#######


There were no monsters in sight!

Vanquished Creatures
  5 yaks (D:9)
  Eustachio (D:4)
  A hippogriff (D:9)
  Duvessa (D:4)
  2 black bears
  3 phantoms
  4 ice beasts
  A sky beast (D:6)
  A wasp (D:9)
  2 ogres (D:9)
  3 centaurs
  2 big kobolds
  9 giant frogs
  Dowan (D:4)
  A scorpion (D:6)
  3 wights (D:9)
  3 howler monkeys
  2 crimson imps
  A quasit (D:8)
  2 hounds
  4 jellies
  4 orc priests
  A centaur skeleton (D:9)
  2 iguanas
  11 orc wizards
  3 worker ants
  A killer bee zombie (D:9)
  6 adders
  3 shadow imps
  3 oozes
  An adder zombie (D:8)
  3 worms (D:2)
  2 dart slugs (D:1)
  5 giant geckos
  17 orcs
  2 ball pythons (D:3)
  12 bats
  6 giant cockroaches
  18 goblins
  5 hobgoblins
  7 jackals
  18 kobolds
  3 quokkas
  A ball python skeleton (D:4)
  A giant cockroach zombie (D:5)
  2 giant newts
  A quokka skeleton (D:9)
  11 rats
  3 fungi (D:6)
  A plant (D:6)
205 creatures vanquished.

Vanquished Creatures (others)
  A plant (D:6)
1 creature vanquished.

Grand Total: 206 creatures vanquished

Notes
Turn   | Place    | Note
--------------------------------------------------------------
     0 | D:1      | shmeve the Minotaur Berserker began the quest for the Orb.
     0 | D:1      | Reached XP level 1. HP: 19/19 MP: 0/0
   142 | D:1      | Reached XP level 2. HP: 14/27 MP: 1/1
   622 | D:1      | Reached ** piety under Trog
   797 | D:1      | Reached XP level 3. HP: 33/33 MP: 2/2
   878 | D:1      | Reached skill level 1 in Shields
  1493 | D:2      | Noticed an angel
  1493 | D:2      | Found a shimmering altar of Xom.
  1493 | D:2      | Found a glowing silver altar of Zin.
  1818 | D:2      | Reached XP level 4. HP: 39/40 MP: 3/3
  2212 | D:3      | Found a radiant altar of Vehumet.
  2214 | D:3      | Found a glowing golden altar of the Shining One.
  2228 | D:3      | Reached *** piety under Trog
  2509 | D:3      | Found a burning altar of Makhleb.
  2886 | D:4      | Reached XP level 5. HP: 33/46 MP: 2/4
  2974 | D:4      | Noticed Duvessa
  2974 | D:4      | Noticed Dowan
  2982 | D:4      | Killed Duvessa
  2983 | D:4      | Killed Dowan
  2983 | D:4      | Reached skill level 5 in Shields
  2983 | D:4      | Reached XP level 6. HP: 53/53 MP: 5/5
  3007 | D:4      | Noticed Eustachio
  3027 | D:4      | Killed Eustachio
  3027 | D:4      | Reached skill level 5 in Fighting
  3027 | D:4      | Reached skill level 5 in Axes
  3347 | D:4      | Got a bloodstained plate armour
  3358 | D:4      | Identified the +10 plate armour "Ypanep" {rElec} (You found it on level 4 of the Dungeon)
  3471 | D:5      | Entered Level 5 of the Dungeon
  3490 | D:5      | Found an opulent altar of Gozag.
  3492 | D:5      | Reached XP level 7. HP: 55/61 MP: 6/6
  3823 | D:5      | Found a staircase to the Ecumenical Temple.
  4096 | D:6      | Reached **** piety under Trog
  4268 | D:6      | Found a blossoming altar of Fedhas.
  4320 | D:6      | Reached XP level 8. HP: 58/70 MP: 7/7
  4462 | D:6      | Reached skill level 5 in Armour
  4567 | D:6      | Found a snail-covered altar of Cheibriados.
  5207 | D:7      | Found a sparkling altar of Nemelex Xobeh.
  5791 | D:8      | Reached XP level 9. HP: 73/79 MP: 8/8
  5795 | D:8      | Reached ***** piety under Trog
  5810 | D:8      | Found a bloodstained altar of Trog.
  6128 | D:8      | Found a basalt altar of Yredelemnul.
  6179 | D:8      | Found a blossoming altar of Fedhas.
  6179 | D:8      | Found an ancient bone altar of Kikubaaqudgha.
  6526 | D:9      | Reached skill level 5 in Dodging
  6734 | D:9      | Reached XP level 10. HP: 91/91 MP: 9/9
  6737 | D:9      | Found an oddly glowing altar of Pakellas.
  6932 | D:9      | Found a staircase to the Lair.
  6990 | D:9      | Engulfed by a cloud of freezing vapour

Skill      XL: |  1  2  3  4  5  6  7  8  9 10 |
---------------+-------------------------------+-----
Fighting       | 4 5 6 7 9 |  9.5
Armour         | 3 4 5 6 7 |  7.1
Shields        | 2 4 5 6 7 9 |  9.5
Axes           | 4 5 6 7 9 |  9.4
Dodging        | 3 4 5 |  5.6

Action                   |  1- 3 |  4- 6 |  7- 9 | 10-12 || total
-------------------------+-------+-------+-------+-------++-------
Melee: Hand axe          |   101 |       |       |       ||   101
       Headbutt          |     8 |    13 |    56 |     6 ||    83
       War axe           |    13 |    91 |   302 |    31 ||   437
Invok: Berserk           |       |     1 |     2 |       ||     3
       Trog's Hand       |       |     1 |     2 |       ||     3
       Burn Spellbooks   |       |     1 |     1 |       ||     2
 Stab: Sleeping          |     1 |       |       |       ||     1
  Eat: Chunk             |     5 |     8 |    21 |       ||    34
Armor: Animal skin       |    14 |       |       |       ||    14
       Chain mail        |    30 |    48 |       |       ||    78
       Plate armour      |       |     5 |   323 |    31 ||   359
Dodge: Dodged            |    71 |    46 |   139 |    12 ||   268
Block: Buckler           |    27 |    47 |   144 |       ||   218
       Shield            |       |       |    13 |    20 ||    33
